TOP OF THE 1ST |
Vermont Lake Monsters batting - Pitching for Vancouver Canadians : RHP Manny Solis
|
Pitching: RHP Manny Solis
|
|
Batting: SHB Steve Salafia
|
0-0: Called Strike 0-1: Ground out 5-3 (Groundball, 56, EV 88.8 MPH)
|
Batting: RHB Chris Temple
|
0-0: Ball 1-0: Ball 2-0: Swinging Strike 2-1: Ground out 4-3 (Groundball, 4, EV 97.5 MPH)
|
Batting: LHB Ed Talamantes
|
0-0: Foul Ball, location: 2F 0-1: Ball 1-1: Ground out 4-3 (Groundball, 4M, EV 98.1 MPH)
|
Top of the 1st over - 0 runs, 0 hits, 0 errors, 0 left on base; Vermont 0 - Vancouver 0 |
BOTTOM OF THE 1ST |
Vancouver Canadians batting - Pitching for Vermont Lake Monsters : RHP Luis Stuit
|
Pitching: RHP Luis Stuit
|
|
Batting: LHB Adam Santarelli
|
0-0: Ball 1-0: Foul Ball, location: 2F 1-1: Ball 2-1: Foul Ball, location: 2F 2-2: Hit by Pitch
|
Batting: RHB Elliot Manfredini
|
0-0: Ball 1-0: Ball Adam Santarelli steals 2nd base 2-0: Ground out 5-3 (Groundball, 56, EV 103.8 MPH)
|
Batting: RHB Nikita Schram
|
0-0: Ball 1-0: Called Strike 1-1: Swinging Strike 1-2: Ball 2-2: Foul Ball, location: 2F 2-2: Ball 3-2: Base on Balls
|
Batting: RHB Javier Garcia
|
0-0: Ball 1-0: Called Strike 1-1: SINGLE (Groundball, 6MD, EV 100.0 MPH) Adam Santarelli to third Nikita Schram to second Runner from 3rd tries for Home, SAFE, throw by CF to home
|
Batting: LHB Devin Huber
|
0-0: Called Strike 0-1: Swinging Strike 0-2: Foul Ball, location: 2F 0-2: Strikes out swinging
|
Batting: RHB Carlos Renteria
|
0-0: Ball 1-0: Ball 2-0: Foul Ball, location: 2F 2-1: Ground out 1-3 (Groundball, 13S, EV 72.5 MPH)
|
Bottom of the 1st over - 1 run, 1 hit, 0 errors, 2 left on base; Vermont 0 - Vancouver 1 |
TOP OF THE 2ND |
Vermont Lake Monsters batting - Pitching for Vancouver Canadians : RHP Manny Solis
|
Batting: RHB Tetsuya Shinoda
|
0-0: Foul Ball, location: 2F 0-1: Foul Ball, location: 2F 0-2: Ball 1-2: Ball 2-2: Foul Ball, location: 2F 2-2: Strikes out swinging
|
Batting: RHB Chris Prinzing
|
0-0: SINGLE (Line Drive, 8RS, EV 106.2 MPH)
|
Batting: RHB Zachary Anderson
|
0-0: Foul Ball, location: 2F 0-1: Ball 1-1: Called Strike 1-2: Ball 2-2: Strikes out looking
|
Batting: LHB Victor Ferrermena
|
0-0: Ball 1-0: Fielders Choice at 2nd, U6 (Groundball, 6M, EV 98.8 MPH)
|
Top of the 2nd over - 0 runs, 1 hit, 0 errors, 1 left on base; Vermont 0 - Vancouver 1 |
BOTTOM OF THE 2ND |
Vancouver Canadians batting - Pitching for Vermont Lake Monsters : RHP Luis Stuit
|
Batting: SHB Scott Robbins
|
0-0: Ball 1-0: Foul Ball, location: 2F 1-1: Ball 2-1: Ball 3-1: Base on Balls
|
Batting: RHB Ricky Carbajal
|
0-0: Ball 1-0: Called Strike 1-1: Foul Ball, location: 2F 1-2: Ball 2-2: Ball 3-2: Foul Ball, location: 2F 3-2: Base on Balls Scott Robbins to second
|
Batting: RHB Luis Vargas
|
0-0: Ball 1-0: Called Strike 1-1: Foul Ball, location: 2F 1-2: Strikes out swinging
|
Batting: LHB Adam Santarelli
|
0-0: Foul Ball, location: 2F 0-1: Foul Ball, location: 2F 0-2: Foul Ball, location: 2F 0-2: Ball Wild Pitch! Scott Robbins to third Ricky Carbajal to second 1-2: Foul Ball, location: 2F 1-2: Strikes out swinging
|
Batting: RHB Elliot Manfredini
|
0-0: Foul Ball, location: 2F 0-1: Ball 1-1: Fly out, F7 (Flyball, 78M, EV 91.2 MPH)
|
Bottom of the 2nd over - 0 runs, 0 hits, 0 errors, 2 left on base; Vermont 0 - Vancouver 1 |
TOP OF THE 3RD |
Vermont Lake Monsters batting - Pitching for Vancouver Canadians : RHP Manny Solis
|
Batting: SHB Mike Kirk
|
0-0: Ball 1-0: Foul Ball, location: 2F 1-1: Fly out, F4 (Flyball, 34D, EV 81.2 MPH)
|
Batting: RHB Jon Coleman
|
0-0: Fly out, F9 (Flyball, 9LD, EV 103.8 MPH)
|
Batting: SHB Steve Salafia
|
0-0: Foul Ball, location: 2F 0-1: Ball 1-1: Fly out, F7 (Flyball, 78M, EV 92.5 MPH)
|
Top of the 3rd over - 0 runs, 0 hits, 0 errors, 0 left on base; Vermont 0 - Vancouver 1 |
BOTTOM OF THE 3RD |
Vancouver Canadians batting - Pitching for Vermont Lake Monsters : RHP Luis Stuit
|
Batting: RHB Nikita Schram
|
0-0: Ball 1-0: SINGLE (Groundball, 34D, EV 102.5 MPH)
|
Batting: RHB Javier Garcia
|
0-0: Ball 1-0: Reached on error, E4 (Groundball, 4M, EV 84.4 MPH) Nikita Schram to second
|
Batting: LHB Devin Huber
|
0-0: DOUBLE (Line Drive, 89D, EV 108.1 MPH) Nikita Schram scores Javier Garcia to third
|
Batting: RHB Carlos Renteria
|
0-0: Foul Ball, location: 2F 0-1: Ball 1-1: Ball 2-1: Called Strike 2-2: Ball 3-2: Base on Balls
|
Batting: SHB Scott Robbins
|
0-0: Ball 1-0: Ball 2-0: Called Strike 2-1: Foul Ball, location: 2F 2-2: Ball 3-2: Grounds out, U3 (Groundball, 3L, EV 86.2 MPH) Javier Garcia scores Devin Huber to third
|
Batting: RHB Ricky Carbajal
|
0-0: Called Strike 0-1: Ball 1-1: Fly out, F8 (Flyball, 8RM, EV 87.5 MPH) Runner from 3rd tags up, SCORES, throw by CF
|
Batting: RHB Luis Vargas
|
0-0: Swinging Strike 0-1: Ball 1-1: Swinging Strike 1-2: Foul Ball, location: 2F 1-2: Strikes out swinging
|
Bottom of the 3rd over - 3 runs, 2 hits, 1 error, 1 left on base; Vermont 0 - Vancouver 4 |
TOP OF THE 4TH |
Vermont Lake Monsters batting - Pitching for Vancouver Canadians : RHP Manny Solis
|
Batting: RHB Chris Temple
|
0-0: Ball 1-0: Fly out, F8 (Flyball, 8RD, EV 96.2 MPH)
|
Batting: LHB Ed Talamantes
|
0-0: SINGLE (Flyball, 89S, EV 92.5 MPH)
|
Batting: RHB Tetsuya Shinoda
|
0-0: Grounds into double play, 5-4-3 (Groundball, 56, EV 105.6 MPH)
|
Top of the 4th over - 0 runs, 1 hit, 0 errors, 0 left on base; Vermont 0 - Vancouver 4 |
BOTTOM OF THE 4TH |
Vancouver Canadians batting - Pitching for Vermont Lake Monsters : RHP Luis Stuit
|
Batting: LHB Adam Santarelli
|
0-0: Ball 1-0: Ball 2-0: Ball 3-0: Called Strike 3-1: Base on Balls
|
Batting: RHB Elliot Manfredini
|
0-0: Ball 1-0: Ball 2-0: Foul Ball, location: 2F 2-1: Ball 3-1: Foul Ball, location: 2F 3-2: Fly out, F7 (Flyball, 7D, EV 108.8 MPH)
|
Batting: RHB Nikita Schram
|
0-0: Called Strike Adam Santarelli steals 2nd base 0-1: Foul Ball, location: 2F 0-2: Foul Ball, location: 2F 0-2: Strikes out swinging
|
Batting: RHB Javier Garcia
|
0-0: Called Strike 0-1: Ball 1-1: Ball 2-1: Ball 3-1: Foul Ball, location: 2F 3-2: Foul Ball, location: 2F 3-2: Foul Ball, location: 2F 3-2: Base on Balls
|
Pitching: LHP Steve Lima
|
|
Batting: LHB Devin Huber
|
0-0: Ball 1-0: Foul Ball, location: 2F 1-1: TRIPLE (Line Drive, 9D, EV 101.9 MPH) Adam Santarelli scores Javier Garcia scores
|
Batting: RHB Carlos Renteria
|
0-0: Ball 1-0: Ball Wild Pitch! Devin Huber scores 2-0: Foul Ball, location: 2F 2-1: Ball 3-1: Foul Ball, location: 2F 3-2: Strikes out looking
|
Bottom of the 4th over - 3 runs, 1 hit, 0 errors, 0 left on base; Vermont 0 - Vancouver 7 |
TOP OF THE 5TH |
Vermont Lake Monsters batting - Pitching for Vancouver Canadians : RHP Manny Solis
|
Batting: RHB Chris Prinzing
|
0-0: Ball 1-0: Foul Ball, location: 2F 1-1: Foul Ball, location: 2F 1-2: Ball 2-2: Strikes out swinging
|
Batting: RHB Zachary Anderson
|
0-0: Ball 1-0: Ball 2-0: Called Strike 2-1: SOLO HOME RUN (Flyball, 78XD, EV 99.4 MPH), Distance : 401 ft
|
Batting: LHB Victor Ferrermena
|
0-0: Ball 1-0: Called Strike 1-1: Ball 2-1: Called Strike 2-2: Ground out 4-3 (Groundball, 4, EV 88.8 MPH)
|
Batting: SHB Mike Kirk
|
0-0: Foul Ball, location: 2F 0-1: Called Strike 0-2: Hit by Pitch
|
Batting: RHB Jon Coleman
|
0-0: TRIPLE (Groundball, 3L, EV 95.0 MPH) Mike Kirk scores
|
Batting: SHB Steve Salafia
|
0-0: Ball 1-0: Called Strike 1-1: Foul Ball, location: 2F 1-2: Ball 2-2: Foul Ball, location: 2F 2-2: Ball 3-2: Single, Error in OF, E7, batter to second base (Line Drive, 56D, EV 95.6 MPH) Jon Coleman scores
|
Batting: RHB Chris Temple
|
0-0: Called Strike 0-1: Ball 1-1: Ground out U3 (Groundball, 23, EV 83.1 MPH)
|
Top of the 5th over - 3 runs, 3 hits, 1 error, 1 left on base; Vermont 3 - Vancouver 7 |
BOTTOM OF THE 5TH |
Vancouver Canadians batting - Pitching for Vermont Lake Monsters : LHP Steve Lima
|
Batting: SHB Scott Robbins
|
0-0: Ball 1-0: Foul Ball, location: 2F 1-1: Called Strike 1-2: Foul Ball, location: 2F 1-2: Ground out 4-3 (Groundball, 13, EV 79.4 MPH)
|
Batting: RHB Ricky Carbajal
|
0-0: Ball 1-0: Swinging Strike 1-1: Ball 2-1: Ball 3-1: Called Strike 3-2: Strikes out swinging
|
Batting: RHB Luis Vargas
|
0-0: Ground out 6-3 (Groundball, 6, EV 85.0 MPH)
|
Bottom of the 5th over - 0 runs, 0 hits, 0 errors, 0 left on base; Vermont 3 - Vancouver 7 |
TOP OF THE 6TH |
Vermont Lake Monsters batting - Pitching for Vancouver Canadians : RHP Manny Solis
|
Batting: LHB Ed Talamantes
|
0-0: Ball 1-0: Ball 2-0: Called Strike 2-1: Fly out, F8 (Line Drive, 8LM, EV 98.8 MPH)
|
Batting: RHB Tetsuya Shinoda
|
0-0: Ball 1-0: Called Strike 1-1: Ball 2-1: Called Strike 2-2: Ball 3-2: Strikes out swinging
|
Batting: RHB Chris Prinzing
|
0-0: Called Strike 0-1: Fly out, F9 (Line Drive, 9S, EV 96.9 MPH)
|
Top of the 6th over - 0 runs, 0 hits, 0 errors, 0 left on base; Vermont 3 - Vancouver 7 |
BOTTOM OF THE 6TH |
Vancouver Canadians batting - Pitching for Vermont Lake Monsters : LHP Steve Lima
|
Batting: LHB Adam Santarelli
|
0-0: Ball 1-0: Ground out 4-3 (Groundball, 34, EV 103.8 MPH)
|
Batting: RHB Elliot Manfredini
|
0-0: Foul Ball, location: 2F 0-1: Ball 1-1: Swinging Strike 1-2: Strikes out swinging
|
Batting: RHB Nikita Schram
|
0-0: Ball 1-0: Ball 2-0: DOUBLE (Flyball, 8LXD, EV 111.2 MPH)
|
Batting: RHB Javier Garcia
|
0-0: Ball 1-0: Called Strike 1-1: Ball 2-1: Ball 3-1: Base on Balls
|
Batting: LHB Devin Huber
|
0-0: Ball 1-0: Ball Wild Pitch! Nikita Schram to third Javier Garcia to second 2-0: Ball 3-0: Ground out 5-3 (Groundball, 56S, EV 85.6 MPH)
|
Bottom of the 6th over - 0 runs, 1 hit, 0 errors, 2 left on base; Vermont 3 - Vancouver 7 |
TOP OF THE 7TH |
Vermont Lake Monsters batting - Pitching for Vancouver Canadians : RHP Manny Solis
|
Batting: RHB Zachary Anderson
|
0-0: Swinging Strike 0-1: Foul Ball, location: 2F 0-2: Ground out 6-3 (Groundball, 6S, EV 79.4 MPH)
|
Batting: LHB Victor Ferrermena
|
0-0: Ball 1-0: Called Strike 1-1: Called Strike 1-2: Strikes out looking
|
Batting: SHB Mike Kirk
|
0-0: Called Strike 0-1: Fly out, F7 (Flyball, 78M, EV 77.5 MPH)
|
Top of the 7th over - 0 runs, 0 hits, 0 errors, 0 left on base; Vermont 3 - Vancouver 7 |
BOTTOM OF THE 7TH |
Vancouver Canadians batting - Pitching for Vermont Lake Monsters : LHP Steve Lima
|
Batting: RHB Carlos Renteria
|
0-0: Ball 1-0: SINGLE (Groundball, 56D, EV 102.5 MPH)
|
Pitching: RHP Jimmy Tasso
|
|
Batting: SHB Scott Robbins
|
0-0: Ball 1-0: Sac Bunt to 3S - play at first, batter OUT! 3-1 Carlos Renteria to second
|
Batting: RHB Ricky Carbajal
|
0-0: Called Strike Carlos Renteria steals 3rd base 0-1: Ball Passed Ball! Carlos Renteria scores 1-1: Ball 2-1: Foul Ball, location: 2F 2-2: Hit by Pitch
|
Batting: RHB Luis Vargas
|
0-0: Ball 1-0: Ball Ricky Carbajal steals 2nd, throwing error, E2 Ricky Carbajal to third 2-0: Ground out 5-3 (Groundball, 5, EV 105.0 MPH)
|
Batting: LHB Adam Santarelli
|
0-0: Ground out 6-3 (Groundball, 6, EV 87.5 MPH)
|
Bottom of the 7th over - 1 run, 1 hit, 1 error, 1 left on base; Vermont 3 - Vancouver 8 |
TOP OF THE 8TH |
Vermont Lake Monsters batting - Pitching for Vancouver Canadians : RHP Manny Solis
|
Batting: RHB Jon Coleman
|
0-0: Called Strike 0-1: Foul Ball, location: 2F 0-2: Ball 1-2: Strikes out swinging
|
Batting: SHB Steve Salafia
|
0-0: Called Strike 0-1: Called Strike 0-2: Ground out U3 (Groundball, 34S, EV 93.1 MPH)
|
Batting: RHB Chris Temple
|
0-0: Ball 1-0: Called Strike 1-1: Ball 2-1: Foul Ball, location: 2F 2-2: Ball 3-2: Strikes out swinging
|
Top of the 8th over - 0 runs, 0 hits, 0 errors, 0 left on base; Vermont 3 - Vancouver 8 |
BOTTOM OF THE 8TH |
Vancouver Canadians batting - Pitching for Vermont Lake Monsters : RHP Jimmy Tasso
|
Batting: RHB Elliot Manfredini
|
0-0: Ball 1-0: Called Strike 1-1: Called Strike 1-2: Strikes out swinging
|
Batting: RHB Nikita Schram
|
0-0: Called Strike 0-1: Ground out 6-3 (Groundball, 56, EV 101.9 MPH)
|
Batting: RHB Javier Garcia
|
0-0: Called Strike 0-1: Foul Ball, location: 2F 0-2: Strikes out swinging
|
Bottom of the 8th over - 0 runs, 0 hits, 0 errors, 0 left on base; Vermont 3 - Vancouver 8 |
TOP OF THE 9TH |
Vermont Lake Monsters batting - Pitching for Vancouver Canadians : RHP Manny Solis
|
Batting: LHB Ed Talamantes
|
0-0: Ball 1-0: Ball 2-0: Ball 3-0: Base on Balls
|
Batting: RHB Tetsuya Shinoda
|
0-0: Grounds into double play, 5-4-3 (Groundball, 56S, EV 86.2 MPH)
|
Pinch Hitting: LHB Igor Ciobanu
|
0-0: Ball 1-0: Called Strike 1-1: Ball 2-1: Ball 3-1: DOUBLE (Line Drive, 78D, EV 110.0 MPH)
|
Pitching: RHP Young-ghil Sohn
|
|
Batting: RHB Zachary Anderson
|
0-0: Called Strike 0-1: Ball 1-1: Called Strike 1-2: Ground out 5-3 (Groundball, 5S, EV 66.2 MPH)
|
Top of the 9th over - 0 runs, 1 hit, 0 errors, 1 left on base; Vermont 3 - Vancouver 8 |
|